 Dungeon Sprint DCSS version 0.21.0-3-g78d12a8 (webtiles) character file.

260 wojtek the Cleaver (level 5, -7/52 HPs)
             Began as a Minotaur Berserker on Jan 13, 2018.
             Was a Priest of Trog.
             Mangled by a queen bee (9 damage)
             ... in the Dungeon (Sprint IV: "Fedhas' Mad Dash").
             The game lasted 00:00:58 (385 turns).

wojtek the Cleaver (Minotaur Berserker)              Turns: 385, Time: 00:00:59

Health: -7/52      AC:  6    Str: 23    XL:     5   Next: 95%
Magic:  4/4        EV: 13    Int:  4    God:    Trog [***...]
Gold:   74         SH:  0    Dex:  9    Spells: 4/4 levels left

rFire    . . .     SeeInvis .   a - +0 hand axe
rCold    . . .     Gourm    .   (no shield)
rNeg     . . .     Faith    .   l - +0 ring mail
rPois    .         Spirit   .   (helmet restricted)
rElec    .         Reflect  .   (no cloak)
rCorr    .         Harm     .   (no gloves)
MR       .....     NoTele   +   (no boots)
Stlth    ..........             j - amulet of invisibility {+Inv}
HPRegen  0.17/turn              (no ring)
MPRegen  0.09/turn              (no ring)

@: lethally poisoned (-7 -> -12), berserk cooldown, slowed, very slow
A: retaliatory headbutt, horns 2
a: Berserk, Trog's Hand, Burn Spellbooks, Renounce Religion, Evoke Invisibility


You were in the Dungeon.
You worshipped Trog.
Trog was most pleased with you.
You were very hungry.

You visited 1 branch You collected 74 gold pieces.

Inventory:

Hand Weapons
 a - a +0 hand axe (weapon)
Armour
 b - a +0 animal skin
 l - a +0 ring mail (worn)
Jewellery
 j - the amulet of invisibility (around neck) {+Inv}
   (You found it in the Dungeon)

   [amulet of nothing]

   It lets you turn invisible.
Scrolls
 i - a scroll of blinking
 k - a scroll of enchant armour {unknown}
Potions
 d - a potion of curing
 e - a potion of heal wounds
 f - a potion of haste
 g - 2 potions of magic
 h - a potion of berserk rage
Comestibles
 c - a ration


   Skills:
 + Level 7.5 Fighting
 * Level 10.0 Axes
 + Level 7.0 Armour
 + Level 6.3 Dodging


You had 4 spell levels left.
You didn't know any spells.

Dungeon Overview and Level Annotations

Branches:
Dungeon (1/1)

Altars:


Innate Abilities, Weirdness & Mutations

You reflexively headbutt those who attack you in melee.
You have a pair of horns on your head.


Message History

You see here a killer bee corpse.
Your ring mail prevents you from hitting the queen bee.
The queen bee closely misses you.
You hit the queen bee but do no damage. You slash the queen bee!
The queen bee is moderately wounded.
You feel sick. The queen bee stings you!
* * * LOW HITPOINT WARNING * * *
You slash the queen bee!
The queen bee is heavily wounded.
You hit the queen bee. You headbutt the queen bee.
The queen bee is severely wounded.
You are no longer berserk.
You are exhausted.
You feel yourself slow down.
You feel sick. The queen bee stings you!
* * * LOW HITPOINT WARNING * * *
You hit the queen bee but do no damage.
The queen bee is severely wounded.
The queen bee stings you!
You die...

##################
#<..P#.....#.....#
#PP..'.÷...'.#(..+
#PPPP#.....#.#...#
###############'##
♣.y@.....'...#
#%.....♣†....#...#
#.....♣..♣..######
##+####+#####


You could see a queen bee.

Vanquished Creatures
  4 killer bees (D)
  2 oklob saplings (D)
  A worker ant (D)
  A river rat (D)
  A rat (D)
9 creatures vanquished.

Notes
Turn   | Place    | Note
-------+----------+-------------------------------------------
     0 | D        | wojtek the Minotaur Berserker began the quest for the Orb.
     0 | D        | Reached XP level 1. HP: 19/19 MP: 0/0
     5 | D        | Reached skill level 4 in Axes
     5 | D        | Reached XP level 2. HP: 27/27 MP: 1/1
    18 | D        | Noticed an oklob sapling
   282 | D        | Killed an oklob sapling
   282 | D        | Reached ** piety under Trog
   282 | D        | Reached skill level 6 in Axes
   282 | D        | Reached XP level 3. HP: 35/35 MP: 2/2
   285 | D        | Found the amulet of invisibility {+Inv}
   286 | D        | Reached skill level 5 in Fighting
   321 | D        | Noticed an oklob sapling
   327 | D        | Killed an oklob sapling
   327 | D        | Reached skill level 7 in Axes
   327 | D        | Reached skill level 5 in Armour
   327 | D        | Reached XP level 4. HP: 44/44 MP: 3/3
   363 | D        | Noticed a queen bee
   369 | D        | Reached skill level 8 in Axes
   369 | D        | Reached skill level 5 in Dodging
   374 | D        | Reached *** piety under Trog
   374 | D        | Reached skill level 9 in Axes
   374 | D        | Reached XP level 5. HP: 51/51 MP: 4/4
   378 | D        | Reached skill level 10 in Axes
   384 | D        | HP: 1/52 [queen bee (13)]
   385 | D        | Mangled by a queen bee

Skill      XL: |  1  2  3  4  5 |
---------------+----------------+-----
Fighting       | 4 5 6 7 |  7.5
Axes           | 4 6 7 9 10 | 10.0
Armour         | 3 4 5 6 7 |  7.0
Dodging        | 3 4 5 6 |  6.3

Action                   |  1- 3 |  4- 6 || total
-------------------------+-------+-------++-------
Melee: Hand axe          |     7 |    19 ||    26
       Headbutt          |     2 |     3 ||     5
Invok: Berserk           |     2 |     1 ||     3
Armor: Ring mail         |       |     9 ||     9
Dodge: Dodged            |     2 |    16 ||    18
